AoeStats
← Mack Daddy

Arena

507781788Analyzed
4v4 RM · 12d ago on Sep 19, 2026· 74m 3s· 8 players
Game mode
Random Map
Map size
Large (8 player)
Population
200
Speed
Normal
Resources
Standard
Victory
Conquest
Starting age
Dark Age
Ending age
Imperial Age
RankedLock teamsTeams togetherTeam positionsShared explorationLock speedFull tech treeHidden civsTurbo modeCheats
Victory
Defeat
🇨🇳 Huns · China
1001
+15
🇻🇳 Gurjaras · Vietnam
993
+16
🇨🇳 Khmer · China
990
+16
🇻🇳 Vietnamese · Vietnam
980
+16
🇷🇺 Persians · Russia
1042
-18
🇦🇹 Mapuche · Austria
985
-16
🇷🇺 Italians · Russia
974
-15
🇧🇪 Romans · Belgium
947
-14
phamhaianh2109
10:07 Feudal Age
15:30 Castle Age
15:14 Double-Bit Axe
15:22 Stone Mining
19:35 Horse Collar
25:19 Wheelbarrow
25:13 Gold Mining
26:38 Bow Saw
27:50 Hand Cart
30:51 Imperial Age
29:00 Scale Barding Armor
29:05 Forging
29:11 Husbandry
29:24 Kshatriyas
29:21 Treadmill Crane
30:47 Heavy Plow
31:10 Forging
31:20 Chain Barding Armor
31:11 Forging
31:12 Elite Shrivamsha Rider
31:17 Heavy Camel Rider
32:08 Bloodlines
32:57 Iron Casting
32:55 Conscription
34:19 Plate Barding Armor
35:15 Chemistry
34:56 Bloodlines
36:22 Light Cavalry
40:29 Frontier Guards
40:00 Hussar
43:12 Padded Archer Armor
45:46 Crop Rotation
46:14 Leather Archer Armor
阿森
4:55 Loom
10:28 Feudal Age
12:30 Horse Collar
13:02 Double-Bit Axe
18:06 Castle Age
18:42 Elite Skirmisher
19:26 Padded Archer Armor
19:17 Fletching
23:10 Heavy Plow
25:09 Wheelbarrow
25:55 Bow Saw
30:37 Imperial Age
28:26 Leather Archer Armor
27:56 Pikeman
29:30 Bodkin Arrow
29:36 Scale Mail Armor
29:46 Forging
30:15 Hand Cart
31:24 Ballistics
31:38 Conscription
31:22 Bracer
31:52 Ring Archer Armor
33:12 Chemistry
32:48 Chain Mail Armor
33:09 Iron Casting
34:09 Town Watch
35:29 Bloodlines
35:20 Husbandry
34:41 Light Cavalry
35:28 Husbandry
34:49 Light Cavalry
35:11 Imperial Skirmisher
37:47 Parthian Tactics
37:37 Gold Mining
37:38 Stone Mining
38:24 Crop Rotation
38:13 Hussar
39:06 Scale Barding Armor
40:02 Blast Furnace
38:54 Arson
39:03 Halberdier
40:29 Gold Shaft Mining
40:30 Stone Shaft Mining
40:55 Chain Barding Armor
40:44 Siege Engineers
40:50 Masonry
41:17 Hoardings
41:31 Capped Ram
43:58 Plate Barding Armor
45:01 Elite Ballista Elephant
45:14 Elite Battle Elephant
45:58 Tusk Swords
49:46 Siege Ram
60:35 Murder Holes
61:11 Architecture
69:11 Fortified Wall
277965650
9:13 Feudal Age
15:32 Castle Age
14:38 Stone Mining
14:37 Double-Bit Axe
24:35 Horse Collar
26:38 Heavy Plow
26:35 Gold Mining
27:52 Gold Shaft Mining
27:57 Bow Saw
32:18 Imperial Age
30:33 Forging
30:23 Scale Mail Armor
32:03 Iron Casting
31:36 Scale Barding Armor
32:14 Arson
32:30 Squires
31:50 Pikeman
32:53 Chain Mail Armor
35:14 Two-Man Saw
35:13 Halberdier
37:35 Blast Furnace
41:30 Elite Skirmisher
42:16 Padded Archer Armor
42:06 Fletching
42:37 Chain Barding Armor
43:13 Imperial Skirmisher
44:14 Leather Archer Armor
43:54 Bodkin Arrow
46:27 Bracer
47:03 Plate Barding Armor
47:50 Chemistry
47:11 Ballistics
50:14 Husbandry
50:24 Bloodlines
49:35 Light Cavalry
52:14 Hussar
53:41 Marauders
54:02 Conscription
53:08 Elite Tarkan
Dong Anh
12:13 Feudal Age
17:39 Castle Age
16:57 Bloodlines
22:11 Husbandry
22:34 Loom
25:08 Chatras
29:05 Horse Collar
29:14 Double-Bit Axe
31:21 Bow Saw
35:28 Imperial Age
36:02 Scale Barding Armor
36:09 Forging
35:53 Fletching
36:04 Padded Archer Armor
36:22 Thumb Ring
36:15 Gold Mining
36:56 Ballistics
38:19 Paper Money
38:33 Elite Battle Elephant
41:09 Bodkin Arrow
41:45 Heavy Plow
43:18 Two-Man Saw
42:44 Chain Barding Armor
44:21 Chemistry
43:11 Elite Skirmisher
45:01 Imperial Skirmisher
46:15 Bracer
46:33 Leather Archer Armor
48:43 Ring Archer Armor
50:48 Iron Casting
55:34 Pikeman
56:15 Squires
56:55 Plate Barding Armor
56:21 Scale Mail Armor
Mack Daddy
10:47 Feudal Age
11:29 Double-Bit Axe
13:02 Horse Collar
14:09 Loom
17:25 Castle Age
21:06 Wheelbarrow
20:42 Bow Saw
25:14 Hand Cart
28:07 Heavy Plow
27:58 Gold Mining
28:00 Stone Mining
28:18 Squires
29:10 Scale Mail Armor
29:21 Forging
30:45 Pikeman
33:29 Gold Shaft Mining
34:29 Iron Casting
34:10 Chain Mail Armor
34:22 Ballistics
35:13 Ballistas
36:03 Man-at-Arms
41:11 Imperial Age
38:52 Long Swordsman
40:30 Caravan
42:15 Conscription
43:27 Guilds
42:39 Halberdier
45:25 Heavy Scorpion
46:30 Heavy Scorpion
47:34 Comitatenses
49:22 Blast Furnace
53:59 Chemistry
53:33 Crop Rotation
53:38 Capped Ram
59:15 Siege Engineers
58:53 Siege Ram
Mr.MoneyBoy
12:22 Feudal Age
13:09 Double-Bit Axe
13:04 Horse Collar
16:05 Castle Age
14:37 Stone Mining
14:38 Gold Mining
19:17 Fletching
21:20 Loom
23:18 Bodkin Arrow
28:58 Wheelbarrow
28:08 Town Watch
29:55 Hand Cart
30:27 Town Patrol
31:56 Ballistics
31:39 Malon
31:42 Padded Archer Armor
32:04 Treadmill Crane
32:50 Leather Archer Armor
34:04 Masonry
33:50 Murder Holes
36:40 Imperial Age
37:53 Conscription
37:40 Butalmapu
38:14 Ring Archer Armor
38:46 Chemistry
37:16 Elite Bolas Rider
38:42 Gold Shaft Mining
39:55 Architecture
39:31 Siege Engineers
39:33 Heavy Plow
39:49 Bow Saw
43:16 Hoardings
43:24 Crop Rotation
43:40 Elite Kona
44:34 Forging
46:22 Iron Casting
48:07 Blast Furnace
51:01 Stone Shaft Mining
Zalypuch
3:01 Loom
11:08 Feudal Age
11:42 Double-Bit Axe
11:39 Horse Collar
19:59 Castle Age
18:10 Gold Mining
20:01 Wheelbarrow
21:02 Town Watch
22:01 Wheelbarrow
21:52 Heavy Plow
22:06 Bow Saw
24:46 Town Patrol
25:18 Stone Mining
28:21 Ballistics
27:43 Treadmill Crane
30:43 Imperial Age
28:52 Padded Archer Armor
28:42 Fletching
28:54 Padded Archer Armor
32:35 Two-Man Saw
32:24 Crop Rotation
32:40 Bodkin Arrow
33:00 Leather Archer Armor
32:27 Elite Skirmisher
33:28 Crossbowman
38:38 Forging
38:34 Scale Barding Armor
38:01 Pikeman
38:41 Squires
39:35 Scale Mail Armor
59:47 Hand Cart
61:26 Iron Casting
61:07 Chain Mail Armor
Steklowata
11:19 Feudal Age
12:30 Double-Bit Axe
15:38 Castle Age
13:50 Horse Collar
17:03 Bow Saw
19:29 Loom
20:22 Wheelbarrow
22:19 Heavy Plow
24:02 Fletching
23:59 Town Watch
24:37 Hand Cart
25:02 Bodkin Arrow
25:23 Kamandaran
26:21 Caravan
27:24 Padded Archer Armor
27:30 Scale Barding Armor
27:50 Devotion
29:14 Chain Barding Armor
29:18 Stone Mining
29:18 Gold Mining
29:59 Leather Archer Armor
29:55 Forging
30:37 Ballistics
30:26 Crossbowman
31:11 Thumb Ring
31:19 Thumb Ring
33:38 Masonry
33:42 Bloodlines
34:11 Iron Casting
33:43 Husbandry
36:58 Imperial Age
34:27 Light Cavalry
36:36 Heavy Camel Rider
36:37 Cavalier
36:37 Hussar
37:55 Plate Barding Armor
38:20 Blast Furnace
41:06 Savar
42:12 Guilds
51:15 Chemistry
57:18 Conscription
58:49 Ring Archer Armor
Connection lost

Rejoining the realm…

Still unreachable

The connection could not be restored.

Session expired

The server has moved on; the page needs a fresh start.